 Dungeon Crawl Stone Soup version 0.26.1-11-gd32895ea62 (webtiles) character file.

Game seed: 348757026645847541

15197 ubername the Frost Mage (level 12, 0/81 HPs)
             Began as a Barachi Ice Elementalist on June 15, 2021.
             Was a High Priest of Vehumet.
             Splashed by an acid dragon's acid (15 damage)
             ... on level 13 of the Dungeon.
             The game lasted 01:12:47 (20322 turns).

ubername the Frost Mage (Barachi Ice Elementalist) Turns: 20322, Time: 01:12:48

Health: 0/81       AC: 10    Str:  9    XL:     12   Next: 24%
Magic:  21/28      EV: 18    Int: 19    God:    Vehumet [*****.]
Gold:   478        SH:  0    Dex: 15    Spells: 21/35 levels left

rFire    + . .     SeeInvis .   B - +5 mace (protect)
rCold    x . .     Faith    +   (no shield)
rNeg     + . .     Spirit   .   s - +2 robe {Will+}
rPois    .         Reflect  .   l - +0 helmet
rElec    .         Harm     .   b - +1 cloak
rCorr    .         Rampage  +   n - +0 pair of gloves
Will     +....                  z - +0 pair of boots {rampage}
Stlth    ++........             H - amulet of faith
HPRegen  0.23/turn              p - ring of positive energy
MPRegen  0.21/turn              u - ring of fire

@: icy armour, corroded, frozen ramparts, slow
A: +LOS, swims, repulsion field 1, robust 1, slowness 1, strong legs 1
a: Hop, Renounce Religion


You were on level 13 of the Dungeon.
You worshipped Vehumet.
Vehumet was extremely pleased with you.
You visited 2 branches of the dungeon, and saw 14 of its levels.
You also visited: Ossuary.

You collected 780 gold pieces.
You spent 302 gold pieces at shops.

Inventory:

Hand Weapons
 B - a +5 mace of protection (weapon)
 C - a +2 short sword of electrocution
Missiles
 h - 42 poisoned darts (quivered)
 E - 11 javelins
 F - a curare-tipped dart
Armour
 b - a +1 cloak (worn)
 l - a +0 helmet (worn)
 n - a +0 pair of gloves (worn)
 s - a +2 robe of willpower (worn)
 z - a +0 pair of boots of rampaging (worn)
Jewellery
 e - the ring "Xoefficu" {Ice rElec rPois Int-5}
   (You found it on level 14 of the Dungeon)

   [ring of ice]

   It enhances your ice magic.
   It affects your intelligence (-5).
   It makes you vulnerable to fire.
   It protects you from cold.
   It insulates you from electricity.
   It protects you from poison.
 p - a ring of positive energy (left hand)
 u - a ring of fire (right hand)
 H - an amulet of faith (around neck)
Wands
 d - a wand of enslavement (12)
 g - a wand of paralysis (27)
 k - a wand of digging (1)
 q - a wand of flame (8)
 y - a wand of acid (5)
Scrolls
 i - 6 scrolls of identify
 j - 2 scrolls of teleportation
 r - 2 scrolls of fog
 A - a scroll of blinking
 D - 3 scrolls of remove curse
Potions
 c - 3 potions of ambrosia
 f - a potion of heal wounds
 m - a potion of brilliance
 o - a potion of might
 t - 2 potions of flight
 v - 4 potions of curing
 w - 2 potions of magic
 x - 2 potions of haste
Miscellaneous
 a - a phantom mirror


   Skills:
 - Level 1.2 Short Blades
 - Level 0.9 Maces & Flails
 + Level 1.3 Throwing
 - Level 6.4 Dodging
 + Level 3.2 Stealth
 + Level 12.1 Spellcasting
 * Level 3.7 Conjurations
 * Level 2.8 Fire Magic
 + Level 13.7 Ice Magic
 * Level 5.9 Invocations
 + Level 0.8 Evocations


You had 21 spell levels left.
You knew the following spells:

 Your Spells              Type           Power        Failure   Level
a - Freeze                Ice            100%         0%          1
b - Frozen Ramparts       Ice            100%         1%          3
c - Ozocubu's Armour      Ice            59%          1%          3
d - Magic Dart            Conj           100%         1%          1
e - Summon Ice Beast      Ice/Summ       37%          3%          4
f - Searing Ray           Conj           50%          1%          2

Your spell library contained the following spells:

 Spells                   Type           Power        Failure   Level
 Spellforged Servitor     Conj/Summ      9%           99%         7
 Foxfire                  Conj/Fire      100%         1%          1
 Conjure Flame            Conj/Fire      36%          1%          3
 Hailstorm                Conj/Ice       44%          1%          4
 Sticky Flame             Conj/Fire      36%          4%          4
 Apportation              Tloc           22%          6%          1
 Metabolic Englaciation   Hex/Ice        18%          10%         5
 Confusing Touch          Hex            11%          19%         3
 Gell's Gravitas          Tloc           5%           19%         3
 Yara's Violent Unravell  Hex/Tmut       5%           38%         5
 Starburst                Conj/Fire      18%          50%         6
 Petrify                  Tmut/Erth      11%          52%         4
 Summon Forest            Summ/Tloc      5%           86%         5


Dungeon Overview and Level Annotations

Branches:
Dungeon (14/15)            Temple (1/1) D:5            Lair (0/6) D:8
    Orc (0/2) D:11        Ossuary (visited)
 Vaults: D:13-14

Altars:
Ashenzari
Cheibriados
Dithmenos
Elyvilon
Fedhas
Gozag
Hepliaklqana
Kikubaaqudgha
Makhleb
Nemelex Xobeh
Okawaru
Qazlal
Ru
Sif Muna
Trog
Uskayaw
Vehumet
Wu Jian
Xom
Yredelemnul
Zin
The Shining One
Beogh

Shops:
D:6 !   D:10 ([}:[

Annotations:
D:10 1 runed translucent door, SpoonFarmer's ghost, journeyman MiFi
D:14 Rupert


Innate Abilities, Weirdness & Mutations

You can be seen from farther away. (+LOS)
You can swim through water.
You cover ground slowly.
You can hop short distances.
You are surrounded by a mild repulsion field. (EV +2)
You are robust. (+10% HP)


Message History

Casting: Frozen Ramparts (safe; 1% risk of failure)
Press: ? - help, Dir - look around, f - activate The walls around you are covered in ice.
The wall freezes the centaur warrior.
The centaur warrior hits you with a cursed -3 battleaxe.
Casting: Frozen Ramparts (safe; 1% risk of failure)
Confirm with . or Enter, or press ? or * to list all spells.
Aiming: Magic Dart (safe; 1% risk of failure)
Press: ? - help, Shift-Dir - straight line, f - centaur warrior
Aim: a centaur warrior, wielding a -3 battleaxe and quivering 27 arrows (lightly wounded, 0% to evade)
The magic dart hits the centaur warrior.
The centaur warrior is lightly wounded.
The wall freezes the centaur warrior.
The centaur warrior hits you with a cursed -3 battleaxe!!
* * * LOW HITPOINT WARNING * * *
The acid dragon spits acid at you. The splash of acid hits you.
* * * LOW HITPOINT WARNING * * *
The acid corrodes you!
You are splashed with acid!
You die...

....
#...#.....#####+##....#
.... #...#.....# ....#
...$#...#.....#
....#...#..D..#
...'...#.....#
#...#.....# #...'.....#
#...#c....+ #...#.@...#
#...#####....# #....
....# #.c... ....#
#'##### ...# .. .# ...
.... ...


You could see a centaur warrior and an acid dragon (catching breath).

Vanquished Creatures
  2 two-headed ogres
  A wolf spider zombie (D:14)
  A deep elf mage (D:14)
  An ugly thing (D:11)
  A manticore (D:11)
  The ghost of Patoropollo the Skirmisher, a novice HOAK of Lugonu (D:5)
  A queen bee (D:9)
  4 trolls
  Prince Ribbit (D:5)
  Sigmund (D:5)
  A shadow (D:11)
  12 yaks
  3 wyverns
  Menkaure (D:5)
  A steam dragon (D:9)
  A soldier ant (D:10)
  An acid dragon (D:11)
  Duvessa (D:5)
  2 ice beasts
  7 orc warriors
  A sky beast (D:14)
  4 ogres
  4 centaurs
  5 phantoms
  A hornet zombie (D:11)
  10 bullfrogs
  An elf zombie (Ossuary)
  4 big kobolds
  A gnoll sergeant (D:9)
  Dowan (D:5)
  3 scorpions
  19 killer bees (D:9)
  4 wights (D:10)
  A vampire bat (D:9)
  3 howler monkeys
  3 centaur zombies
  2 bullfrog zombies
  3 centaur skeletons
  4 jellies
  5 hounds
  11 orc priests
  A human zombie (Ossuary)
  11 orc wizards
  3 bullfrog skeletons
  2 iguanas
  8 worker ants
  5 ogre zombies (D:11)
  2 hound skeletons
  5 hound zombies
  A mummy (Ossuary)
  A howler monkey skeleton (D:6)
  3 gnolls (D:9)
  5 adders
  2 shadow imps
  3 white imps
  4 ufetubi
  3 oozes
  An adder skeleton (D:4)
  6 adder zombies
  3 worms (D:2)
  2 dart slugs
  6 leopard geckos
  43 orcs
  6 giant cockroaches
  4 goblins
  8 hobgoblins
  13 jackals
  29 kobolds
  3 quokkas
  19 bats
  6 frilled lizards
  A giant cockroach zombie (D:4)
  3 goblin skeletons (D:11)
  4 goblin zombies
  13 hobgoblin zombies
  2 jackal zombies
  3 kobold zombies (Ossuary)
  2 leopard gecko skeletons
  A leopard gecko zombie (D:4)
  2 orc skeletons (D:11)
  21 orc zombies
  2 quokka skeletons
  A quokka zombie (D:4)
  7 rats
  A rat zombie (Ossuary)
405 creatures vanquished.

Vanquished Creatures (collateral kills)
  An orc priest (D:14)
  An orc wizard (D:14)
  A mummy (Ossuary)
  An adder zombie (Ossuary)
  An orc (D:7)
  A hobgoblin zombie (Ossuary)
6 creatures vanquished.

Grand Total: 411 creatures vanquished

Notes
Turn   | Place    | Note
-------+----------+-------------------------------------------
     0 | D:1      | ubername the Barachi Ice Elementalist began the quest for
                  | the Orb.
     0 | D:1      | Reached XP level 1. HP: 13/13 MP: 3/3
   110 | D:1      | Reached skill level 5 in Ice Magic
   232 | D:1      | Reached XP level 2. HP: 19/19 MP: 1/5
  1102 | D:2      | Reached XP level 3. HP: 24/24 MP: 4/6
  1106 | D:2      | Learned a level 3 spell: Frozen Ramparts
  1172 | D:2      | Found a faded altar of an unknown god.
  2115 | D:3      | Reached skill level 1 in Invocations
  2150 | D:3      | Reached XP level 4. HP: 21/30 MP: 0/7
  2361 | D:3      | Learned a level 3 spell: Ozocubu's Armour
  2504 | D:3      | Reached skill level 6 in Ice Magic
  2545 | D:3      | Noticed a big kobold
  2980 | D:3      | Killed a big kobold
  2981 | D:3      | Reached XP level 5. HP: 35/35 MP: 3/9
  3460 | D:5      | Entered Level 5 of the Dungeon
  3465 | D:5      | Noticed an ice beast
  3725 | D:5      | Killed an ice beast
  3726 | D:5      | Reached XP level 6. HP: 24/41 MP: 3/11
  3912 | D:5      | Noticed Sigmund
  4015 | D:5      | Found a staircase to the Ecumenical Temple.
  4035 | D:5      | Killed Sigmund
  4036 | D:5      | Reached skill level 7 in Ice Magic
  4036 | D:5      | Reached XP level 7. HP: 39/46 MP: 4/13
  4127 | Temple   | Entered the Ecumenical Temple
  4386 | Temple   | Became a worshipper of Vehumet
  4477 | D:5      | Found a runed translucent gate.
  4477 | D:5      | Found a runed translucent gate.
  4478 | D:5      | Found a runed translucent gate.
  4478 | D:5      | Found a roughly hewn altar of Beogh.
  4483 | D:5      | Noticed Patoropollo's ghost (novice HOAK)
  4495 | D:5      | Identified the +6 hand axe of Reinforcement {freeze, Str+6
                  | Int-4 Dex+3}
  4633 | D:5      | Noticed Duvessa
  4633 | D:5      | Noticed Dowan
  4640 | D:5      | Killed Dowan
  4649 | D:5      | Killed Duvessa
  5149 | D:5      | Reached skill level 1 in Short Blades
  5149 | D:5      | Reached skill level 1 in Throwing
  5149 | D:5      | Reached skill level 8 in Ice Magic
  5149 | D:5      | Reached XP level 8. HP: 32/52 MP: 3/15
  5344 | D:5      | Noticed Menkaure
  5364 | D:5      | Gained mutation: You are robust. (+10% HP) [potion of
                  | mutation]
  5364 | D:5      | Gained mutation: You are surrounded by a mild repulsion
                  | field. (EV +2) [potion of mutation]
  5989 | D:6      | Reached skill level 5 in Spellcasting
  6110 | D:6      | Found a sand-covered staircase.
  6147 | Ossuary  | Entered an ossuary
  6467 | Ossuary  | Reached * piety under Vehumet
  6467 | Ossuary  | Offered knowledge of Shock by Vehumet.
  7584 | D:6      | Found Itatef's Distillery.
  7597 | D:6      | Bought a potion of magic for 112 gold pieces
  8088 | D:4      | Offered knowledge of Magic Dart by Vehumet.
  8094 | D:4      | Learned a level 1 spell: Magic Dart
  8173 | D:4      | Reached ** piety under Vehumet
  9172 | D:7      | Reached skill level 9 in Ice Magic
  9178 | D:7      | Reached XP level 9. HP: 62/62 MP: 13/19
  9275 | D:7      | Found a basalt altar of Yredelemnul.
  9277 | D:7      | Found a burning altar of Makhleb.
  9280 | D:7      | Found an ancient bone altar of Kikubaaqudgha.
  9280 | D:7      | Found a hide-covered altar of Uskayaw.
  9282 | D:7      | Found a glowing golden altar of the Shining One.
  9284 | D:7      | Found an iron altar of Okawaru.
  9286 | D:7      | Found a stormy altar of Qazlal.
 11179 | D:7      | Learned a level 4 spell: Summon Ice Beast
 11291 | D:8      | Reached skill level 5 in Dodging
 11305 | D:8      | Offered knowledge of Searing Ray by Vehumet.
 11306 | D:8      | Reached skill level 10 in Ice Magic
 11423 | D:8      | Learned a level 2 spell: Searing Ray
 11644 | D:8      | Reached *** piety under Vehumet
 11788 | D:8      | Found a staircase to the Lair.
 11858 | D:8      | Found a snail-covered altar of Cheibriados.
 12040 | D:8      | Reached skill level 1 in Conjurations
 12247 | D:8      | Noticed a two-headed ogre
 12257 | D:8      | Offered knowledge of Inner Flame by Vehumet.
 12262 | D:8      | Killed a two-headed ogre
 12263 | D:8      | Reached XP level 10. HP: 20/69 MP: 5/22
 12545 | D:8      | Found a shadowy altar of Dithmenos.
 12550 | D:8      | Reached skill level 11 in Ice Magic
 12951 | D:8      | Found a sacrificial altar of Ru.
 13479 | D:9      | Found a shimmering altar of Xom.
 13579 | D:9      | Reached **** piety under Vehumet
 13652 | D:9      | Offered knowledge of Bolt of Magma by Vehumet.
 13982 | D:9      | Reached skill level 10 in Spellcasting
 14128 | D:9      | Noticed a two-headed ogre
 14145 | D:9      | Killed a two-headed ogre
 14146 | D:9      | Reached skill level 12 in Ice Magic
 14146 | D:9      | Reached XP level 11. HP: 57/74 MP: 13/25
 14267 | D:9      | Reached skill level 5 in Invocations
 14358 | D:9      | Found a shadowy altar of Dithmenos.
 14630 | D:10     | Entered Level 10 of the Dungeon
 14630 | D:10     | Found Weishroam's Armour Boutique.
 14819 | D:10     | Found Warozysu's Book Emporium.
 14873 | D:10     | Reached ***** piety under Vehumet
 14877 | D:10     | Offered knowledge of Starburst by Vehumet.
 15105 | D:10     | Found Wuot's Gadget Boutique.
 15130 | D:10     | Identified the Papyrus of Igneous Orientation
 15159 | D:10     | Found Vutor's Weapon Boutique.
 15169 | D:10     | Found Kaneqick's Armour Emporium.
 15238 | D:10     | Bought a +1 robe of willpower for 190 gold pieces
 15393 | D:10     | Reached skill level 1 in Fire Magic
 15528 | D:10     | Found a runed translucent door.
 15529 | D:10     | Found a shimmering altar of Xom.
 15529 | D:10     | Noticed SpoonFarmer's ghost (journeyman MiFi)
 15529 | D:10     | Noticed a +1 flail of chaos
 15565 | D:10     | Found an opulent altar of Gozag.
 15875 | D:5      | Killed Menkaure
 16278 | D:5      | Killed Patoropollo's ghost
 16466 | D:5      | Reached skill level 13 in Ice Magic
 16511 | D:5      | Noticed Prince Ribbit
 16516 | D:5      | Killed Prince Ribbit
 17515 | D:11     | Noticed a manticore
 17531 | D:11     | Killed a manticore
 17955 | D:11     | Noticed a cyan ugly thing
 17966 | D:11     | Killed a cyan ugly thing
 18417 | D:11     | Found a staircase to the Orcish Mines.
 18714 | D:11     | Reached XP level 12. HP: 57/81 MP: 27/27
 18821 | D:11     | You fall into a shaft and drop 3 floors!
 19026 | D:14     | Got a twitching copper ring
 19028 | D:14     | Identified the ring "Xoefficu" {Ice rElec rPois Int-5} (You
                  | found it on level 14 of the Dungeon)
 19038 | D:14     | Offered knowledge of Spellforged Servitor by Vehumet.
 19152 | D:14     | Found a glowing golden altar of the Shining One.
 19453 | D:14     | Noticed a centaur warrior
 19590 | D:14     | Noticed Rupert
 20310 | D:13     | Noticed a centaur warrior
 20322 | D:13     | Splashed by an acid dragon's acid

Illustrated notes

Levels and vault maps discovered:
D:1:      evilmike_arrival_crescent, layout_basic, patterned_corridor
D:2:      layout_loops_ring, chequers_ecumenical_altar_island,
          kennysheep_generic_room_16
D:3:      cheibrodos_thug_alley, layout_loops_ring, minmay_misc_feat_rugged,
          minmay_checkerbox
D:4:      layout_cave_pools, serial_undead, serial_undead_a, serial_undead_c,
          serial_undead_b, serial_undead_c
D:5:      layout_loops_ring, minmay_temple_entry_water_ring,
          biasface_ghost_orc_armoury, uniq_prince_ribbit1, uniq_duvessa,
          uniq_menkaure, uniq_sigmund
D:6:      layout_cave_pods, enter_ossuary_1, serial_shops, nicolae_shop_stone
D:7:      layout_basic, minitemple, minivault_19
D:8:      minmay_curly_fans, layout_gridville, kennysheep_mini,
          overflow_temple_1_default, lair_entry_dummy, amcnicky_altar_gilded
D:9:      layout_basic, tgw_xom, special_room [special_room_bee],
          roderic_batcave, grunt_dithmenos_shadows
D:10:     layout_roguey, serial_shops, shop, nicolae_shop_trees, shop_statue,
          shop, nicolae_shop_window_shopping, ebering_ghost_xom,
          minmay_misc_feat_ornament, lemuel_altar_in_water
D:11:     layout_loops_corners, zombieorc1_lemuel, kennysheep_generic_room_15,
          uniq_psyche
D:13:     layout_gridville
D:14:     layout_roguey, david_vaults_5, nicolae_tso_swordbearing_angel,
          uniq_rupert
Temple:   minmay_temple_forest_path

Skill      XL: |  1  2  3  4  5  6  7  8  9 10 11 12 |
---------------+-------------------------------------+-----
Ice Magic      | 5 6 7 8 9 10 12 13 | 13.7
Invocations    | 1 2 3 4 5 |  5.9
Stealth        | 2 3 |  3.2
Spellcasting   | 3 4 6 8 10 11 12 | 12.1
Dodging        | 3 4 5 6 |  6.4
Short Blades   | 1 |  1.2
Throwing       | 1 |  1.3
Conjurations   | 1 3 |  3.7
Fire Magic     | 2 |  2.8
Maces & Flails | |  0.9
Evocations     | |  0.8

Action                   |  1- 3 |  4- 6 |  7- 9 | 10-12 || total
-------------------------+-------+-------+-------+-------++-------
Melee: Hand axe          |    17 |     7 |       |       ||    24
       Dagger            |       |    10 |   308 |       ||   318
       Mace              |       |       |    46 |    95 ||   141
Throw: Dart              |     1 |     8 |    18 |     2 ||    29
       Stone             |       |       |    18 |       ||    18
 Cast: Freeze            |    47 |    27 |    23 |     3 ||   100
       Frozen Ramparts   |     4 |    16 |    74 |    83 ||   177
       Ozocubu's Armour  |       |     2 |    28 |    46 ||    76
       Magic Dart        |       |       |    25 |     2 ||    27
       Searing Ray       |       |       |    12 |    81 ||    93
       Summon Ice Beast  |       |       |     1 |       ||     1
Evoke: Wand              |       |     4 |    14 |     3 ||    21
  Use: Scroll            |     2 |     7 |    10 |     7 ||    26
       Potion            |       |       |    13 |     3 ||    16
 Stab: Distracted        |       |       |       |     1 ||     1
       Sleeping          |       |       |       |     1 ||     1
Armor: Robe              |    13 |    14 |   151 |   101 ||   279
Dodge: Dodged            |    36 |    26 |   404 |   280 ||   746
